 Dungeon Crawl Stone Soup version 0.23.0 (webtiles) character file.

Game seed: 14269112053744179787

84 LLavrengius the Sneak (level 4, -2/31 HPs)
             Began as an Octopode Fighter on Feb 12, 2019.
             Slain by an orc wizard
             ... wielding a +0 dagger
              (6 damage)
             ... on level 2 of the Dungeon.
             The game lasted 00:02:13 (1064 turns).

LLavrengius the Sneak (Octopode Fighter)            Turns: 1064, Time: 00:02:14

Health: -2/31      AC:  1    Str: 15    XL:     4   Next: 46%
Magic:  4/4        EV: 11    Int: 11    God:
Gold:   86         SH:  8    Dex: 11    Spells: 3/3 levels left

rFire    . . .     SeeInvis .   a - +0 rapier
rCold    . . .     Gourm    .   b - +0 shield
rNeg     . . .     Faith    .   (helmet restricted)
rPois    .         Spirit   .   (no amulet)
rElec    .         Reflect  .   (no ring)
rCorr    .         Harm     .   (no ring)
MR       .....                  (no ring)
Stlth    +++.......             (no ring)
HPRegen  0.10/turn              (no ring)
MPRegen  0.09/turn              (no ring)
                                (no ring)
                                (no ring)

@: no status effects
A: almost no armour, stealthy swim, amphibious, 8 rings, constrict 8, camouflage
1, gelatinous body 1
a: no special abilities


You were on level 2 of the Dungeon.
You were not hungry.

You visited 1 branch of the dungeon, and saw 2 of its levels.

You collected 86 gold pieces.

Inventory:

Hand Weapons
 a - a +0 rapier (weapon)
Armour
 b - a +0 shield (worn)
Jewellery
 n - a +2 ring of intelligence {unknown}
Scrolls
 e - 3 scrolls of identify {unknown}
 f - 4 scrolls of enchant armour {unknown}
 g - a scroll of blinking {unknown}
 h - a scroll of remove curse {unknown}
 i - a scroll of immolation {unknown}
 k - a scroll of fog {unknown}
 m - a scroll of noise {unknown}
Potions
 c - 2 potions of might
 l - 2 potions of haste {unknown}
Comestibles
 d - 5 rations
 j - 3 chunks of flesh


   Skills:
 - Level 3.0 Fighting
 + Level 3.5 Short Blades
 - Level 3.0 Dodging
 + Level 3.9 Stealth
 - Level 3.0 Shields


You had 3 spell levels left.
You didn't know any spells.
Your spell library was empty.

Dungeon Overview and Level Annotations

Branches:
Dungeon (2/15)

Altars:
Cheibriados


Innate Abilities, Weirdness & Mutations

You cannot wear most types of armour.
You are very stealthy in the water. (Stealth+)
You are amphibious.
You can wear up to eight rings at the same time.
You can use your tentacles to constrict eight enemies at once.
Your skin changes colour to match your surroundings (Stealth+).
Your rubbery body absorbs attacks. (AC +1, EV +1)


Message History

You have reached level 4!
You feel a bit more experienced.
Deactivating autopickup; reactivate with Ctrl-A.
You hit something. Something hits you.
Unknown command.
You miss something. You squeeze something.
You hear some strange, mumbled words.
A magic dart appears from out of thin air!
The magic dart hits you!
* * * LOW HITPOINT WARNING * * *
Something hits you but does no damage.
Unknown command.
You barely miss something. Your squeeze misses something.
You hear some strange, mumbled words.
A puff of frost appears from out of thin air!
The puff of frost hits you.
* * * LOW HITPOINT WARNING * * *
Unknown command.
You closely miss something. You squeeze something! Something hits you.
You die...

#################.[...#
.......................
.......................
########.########.....# #.#
#.....# #.# #.....# #.#
###.### #######.# #.#
#...{@..# #.# ###?#######
#.### #........# #.##.
#..oob?..# ########.##.
#........####........##.
........####.....#######.
###$.....####.........รท.'.
#......#.......>#######.
#......#........# #..


There were no monsters in sight!

Vanquished Creatures
  An orc wizard (D:2)
  2 adders (D:2)
  A leopard gecko (D:1)
  An orc (D:2)
  3 giant cockroaches
  7 goblins
  A hobgoblin (D:2)
  4 jackals (D:2)
  2 quokkas (D:2)
  3 ball pythons
  4 bats (D:2)
  4 frilled lizards (D:1)
  A kobold (D:2)
34 creatures vanquished.

Notes
Turn   | Place    | Note
-------+----------+-------------------------------------------
     0 | D:1      | LLavrengius the Octopode Fighter began the quest for the
                  | Orb.
     0 | D:1      | Reached XP level 1. HP: 16/16 MP: 1/1
    88 | D:1      | Reached skill level 1 in Stealth
   116 | D:1      | Reached XP level 2. HP: 21/21 MP: 2/2
   844 | D:2      | Reached XP level 3. HP: 26/26 MP: 3/3
  1045 | D:2      | Found a snail-covered altar of Cheibriados.
  1060 | D:2      | Reached XP level 4. HP: 18/31 MP: 4/4
  1064 | D:2      | Slain by an orc wizard

Skill      XL: |  1  2  3 |
---------------+----------+-----
Stealth        | 1 2 3 |  3.9
Short Blades   | 3 |  3.5
Fighting       | |  3.0
Dodging        | |  3.0
Shields        | |  3.0

Action                   |  1- 3 |  4- 6 || total
-------------------------+-------+-------++-------
Melee: Rapier            |    53 |     4 ||    57
       Constrict         |    15 |       ||    15
       Tentacles         |    13 |     2 ||    15
 Stab: Sleeping          |     8 |       ||     8
Armor: Skin              |     2 |       ||     2
Dodge: Dodged            |    24 |       ||    24
Block: Shield            |    20 |       ||    20
